 Dungeon Crawl Stone Soup version 0.26-a0-710-g95a0c6c400 (webtiles) character file.

Game seed: 11377000346070412040

55678 Chiseanne the Fighter (level 14, -10/115 HPs)
             Began as a Demonspawn Wanderer on Oct 30, 2020.
             Was an Initiate of Gozag.
             Killed by divine providence
             ... invoked by a meliai
              (14 damage)
             ... on level 15 of the Dungeon.
             The game lasted 00:53:36 (20019 turns).

Chiseanne the Fighter (Demonspawn Wanderer)        Turns: 20019, Time: 00:53:37

Health: -10/115    AC: 17    Str: 15    XL:     14   Next: 39%
Magic:  14/14      EV: 19    Int: 14    God:    Gozag
Gold:   1142       SH: 18    Dex: 15    Spells: 13/13 levels left

rFire    . . .     SeeInvis .   a - +9 broad axe (freeze)
rCold    + . .     Faith    .   e - +1 kite shield
rNeg     . . .     Spirit   .   F - +0 scale mail
rPois    +         Reflect  +   v - +1 hat
rElec    .         Harm     .   K - +2 cloak
rCorr    .         Rampage  .   G - +2 pair of gloves
MR       +....                  (no boots)
Stlth    ++........             B - amulet of reflection
HPRegen  0.29/turn              u - ring of poison resistance
MPRegen  0.14/turn              H - ring of protection from cold

@: no status effects
A: talons 2, mutation resistance 1, spiny 3, sturdy frame 3
a: Potion Petition, Call Merchant, Bribe Branch, Renounce Religion


You were on level 15 of the Dungeon.
You worshipped Gozag.
Gozag was most pleased with you.
You visited 2 branches of the dungeon, and saw 16 of its levels.

You collected 3949 gold pieces.
You spent 895 gold pieces at shops.
You paid 1912 gold pieces to Gozag.

Inventory:

Hand Weapons
 a - a +9 broad axe of freezing (weapon)
 s - a +3 scimitar of flaming
 w - the +8 hunting sling of Gusmesa {venom, rPois}
   (You found it on level 9 of the Dungeon)

   It poisons the ammo it fires.
   It protects you from poison.
Missiles
 h - 164 sling bullets
 m - 78 poisoned darts (quivered)
 R - 2 curare-tipped darts
 T - 5 boomerangs of dispersal
Armour
 e - a +1 kite shield (worn)
 v - a +1 hat (worn)
 F - a +0 scale mail (worn)
 G - a +2 pair of gloves (worn)
 K - a +2 cloak (worn)
Jewellery
 i - an uncursed ring of resist corrosion
 r - an uncursed ring of positive energy
 u - a ring of poison resistance (left hand)
 A - an uncursed ring of flight
 B - an amulet of reflection (around neck)
 H - a ring of protection from cold (right hand)
 M - an uncursed ring of fire
Wands
 n - a wand of paralysis (1)
 p - a wand of flame (27)
 D - a wand of iceblast (9)
 L - a wand of acid (10)
Scrolls
 f - a scroll of immolation
 x - 3 scrolls of teleportation
 y - 3 scrolls of fog
 J - 4 scrolls of remove curse
 N - 2 scrolls of identify
 O - a scroll of magic mapping
Potions
 b - 2 potions of lignification
 c - 12 potions of curing
 g - 2 potions of brilliance
 j - a potion of haste
 k - 6 potions of ambrosia
 l - 2 potions of stabbing
 q - 3 potions of resistance
 I - 4 potions of flight
 P - a potion of berserk rage
 S - a potion of cancellation


   Skills:
 - Level 12.0 Fighting
   Level 1.7 Short Blades
 * Level 4.9(5.1) Axes
   Level 1.7(3.6) Polearms
 - Level 5.9 Slings
 * Level 11.1 Armour
 * Level 11.5 Dodging
 - Level 1.0 Stealth
 * Level 11.2 Shields
 - Level 1.0 Evocations


You had 13 spell levels left.
You didn't know any spells.
Your spell library was empty.

Dungeon Overview and Level Annotations

Branches:
Dungeon (15/15)            Temple (1/1) D:5            Lair (0/6) D:9
    Orc (0/2) D:11         Vaults (0/5) D:13         Depths (0/5) D:15

Altars:
Ashenzari
Cheibriados
Dithmenos
Elyvilon
Fedhas
Gozag
Hepliaklqana
Kikubaaqudgha
Makhleb
Nemelex Xobeh
Okawaru
Qazlal
Ru
Sif Muna
Trog
Uskayaw
Vehumet
Wu Jian
Xom
Yredelemnul
Zin
The Shining One
Beogh

Shops:
D:8 (!   D:10 [!}**

Annotations:
D:3 3 runed translucent doors, Notrik's ghost, amateur HOFi


Innate Abilities, Weirdness & Mutations

You have razor-sharp toenails.
You are completely covered in sharp spines.
Your movements are significantly less encumbered by armour. (ER -6)
You are somewhat resistant to further mutation.


Message History

* * * LOW HITPOINT WARNING * * *
You block the bullfrog's attack.
As you read the scroll of teleportation, it crumbles to dust.
You feel strangely unstable.
The meliai invokes the aid of its god against you.
Something smites you!
* * * LOW HITPOINT WARNING * * *
You block the bullfrog's attack. The meliai is struck by your spines.
The meliai closely misses you. The meliai stings you.
* * * LOW HITPOINT WARNING * * *
The boulder beetle barely misses you.
The meliai buzzes angrily.
Okay, then.
Press: ? - help, Dir - move target cursor, p - boulder beetle
As you read the scroll of blinking, it crumbles to dust.
Your surroundings suddenly seem different.
The meliai calls down the wrath of its god upon you.
Something smites you!
You die...
Your body crumbles into a pile of gold.

#. #. .. #.
##..
.##...#########
...(...........
#°#.@....#
#.........#
#..........#
#..........#
#..........#
#..........#
#...y......# ##
##).......#. #.
##!......... #.


You could see a meliai.

Vanquished Creatures
  Frances (D:13)
  Azrael (D:13)
  Snorg (D:13)
  Josephine (D:12)
  2 boulder beetles
  A catoblepas (D:13)
  3 hydras
  3 two-headed ogres (D:13)
  2 centaur warriors
  A glowing orange brain (D:15)
  2 unseen horrors
  A wolf spider zombie (D:14)
  A harpy (shapeshifter) (D:15)
  A deep elf mage (D:15)
  30 ugly things
  2 manticores (D:15)
  2 cyclopes
  A water nymph (shapeshifter) (D:15)
  2 centaur zombies
  3 gargoyles
  3 kobold demonologists
  2 efreet
  A komodo dragon (D:9)
  A freezing wraith (D:15)
  A tengu conjurer (D:14)
  A yaktaur (shapeshifter) (D:15)
  6 trolls
  3 meliai (D:13)
  2 hornets
  A queen bee (D:13)
  A raiju (shapeshifter) (D:15)
  A meliai (shapeshifter) (D:15)
  10 slime creatures
  A redback (shapeshifter) (D:15)
  A shadow (D:11)
  2 wyverns
  A centaur simulacrum (D:14)
  A water elemental (D:14)
  4 wraiths (D:12)
  A tarantella (shapeshifter) (D:15)
  3 yaks (D:13)
  3 fire elementals
  6 vampire mosquitoes
  A swamp worm (shapeshifter) (D:14)
  A hell hound (D:13)
  2 water moccasins
  4 ice beasts
  3 sky beasts
  4 phantoms
  2 black bears
  An eye of draining (D:13)
  6 orc warriors
  19 centaurs
  A necrophage (D:14)
  3 ogres
  5 big kobolds
  12 bullfrogs
  A water moccasin zombie (D:7)
  4 scorpions
  41 killer bees
  3 howler monkeys
  16 wights
  2 jellies
  3 quasits
  11 orc wizards
  3 centaur skeletons
  2 bullfrog skeletons
  6 orc priests
  7 hounds
  14 worker ants
  3 iguanas
  A hound zombie (D:8)
  6 gnolls
  11 adders
  A shadow imp (D:8)
  A white imp (D:8)
  2 adder skeletons
  An adder zombie (D:5)
  A worm (D:2)
  5 dart slugs
  7 leopard geckos
  34 orcs
  2 ball pythons
  6 giant cockroaches
  9 goblins
  4 hobgoblins
  4 jackals
  29 kobolds
  6 quokkas
  A ball python skeleton (D:4)
  11 bats
  3 frilled lizards (D:9)
  A giant cockroach zombie (D:5)
  A quokka zombie (D:5)
  7 rats
451 creatures vanquished.

Vanquished Creatures (others)
  2 dancing weapons (D:12)
  An orc wizard (D:8)
  A kobold (D:10)
  3 fungi (D:9)
  14 plants
21 creatures vanquished.

Grand Total: 472 creatures vanquished

Notes
Turn   | Place    | Note
-------+----------+-------------------------------------------
     0 | D:1      | Chiseanne the Demonspawn Wanderer began the quest for the
                  | Orb.
     0 | D:1      | Chiseanne set off with the following items: a +0 dagger, a
                  | potion of lignification, a wand of random effects (15), a
                  | +0 robe, a +0 kite shield
     0 | D:1      | Reached XP level 1. HP: 13/13 MP: 1/1
   157 | D:1      | Gained mutation: You are partially covered in sharp spines.
                  | [demonic ancestry]
   157 | D:1      | Reached XP level 2. HP: 17/20 MP: 2/2
   300 | D:1      | Reached skill level 1 in Fighting
  1052 | D:2      | Gained mutation: Your movements are slightly less
                  | encumbered by armour. (ER -2) [demonic ancestry]
  1052 | D:2      | Reached XP level 3. HP: 25/26 MP: 3/3
  1080 | D:2      | Found a basalt altar of Yredelemnul.
  1563 | D:2      | Reached skill level 1 in Armour
  1748 | D:2      | Gained mutation: You have sharp toenails. [demonic
                  | ancestry]
  1748 | D:2      | Reached XP level 4. HP: 33/33 MP: 4/4
  2076 | D:2      | Reached skill level 2 in Fighting
  2925 | D:3      | Found a runed translucent gate.
  2926 | D:3      | Found a runed translucent gate.
  2926 | D:3      | Identified the +3 leather armour of Zelaapa {rC+ Dex+5}
  2926 | D:3      | Noticed Notrik's ghost (amateur HOFi)
  2927 | D:3      | Found a runed translucent gate.
  2933 | D:3      | Found a roughly hewn altar of Beogh.
  3277 | D:4      | Gained mutation: You are mostly covered in sharp spines.
                  | [demonic ancestry]
  3277 | D:4      | Reached XP level 5. HP: 36/38 MP: 5/5
  3488 | D:4      | Noticed a lemure
  3490 | D:4      | Noticed a lemure
  3498 | D:5      | Entered Level 5 of the Dungeon
  3504 | D:5      | Noticed Ijyb
  4029 | D:4      | Reached XP level 6. HP: 44/46 MP: 6/6
  4184 | D:4      | Found a bloodstained altar of Trog.
  4500 | D:4      | Found an ornate altar of the Wu Jian Council.
  4523 | D:5      | Noticed Ijyb
  4523 | D:5      | Ijyb changed into Ijyb the gnoll
  4526 | D:5      | Killed Ijyb the gnoll
  4576 | D:5      | Reached skill level 3 in Fighting
  4637 | D:5      | Found a staircase to the Ecumenical Temple.
  4643 | Temple   | Entered the Ecumenical Temple
  4695 | Temple   | Became a worshipper of Gozag Ym Sagoz the Greedy
  4804 | D:5      | Noticed a sky beast
  4826 | D:5      | Killed a sky beast
  4830 | D:5      | Reached XP level 7. HP: 22/52 MP: 7/7
  5983 | D:6      | Reached skill level 4 in Fighting
  6594 | D:6      | Reached skill level 5 in Dodging
  6594 | D:6      | Gained mutation: Your movements are less encumbered by
                  | armour. (ER -4) [demonic ancestry]
  6594 | D:6      | Reached XP level 8. HP: 61/61 MP: 8/8
  6634 | D:7      | Noticed a hornet
  6640 | D:7      | Killed a hornet
  6655 | D:7      | Reached skill level 5 in Fighting
  6714 | D:7      | Reached skill level 5 in Shields
  6919 | D:7      | Found a glowing silver altar of Zin.
  6945 | D:7      | Found a snail-covered altar of Cheibriados.
  7272 | D:7      | Reached skill level 5 in Armour
  7307 | D:7      | Reached XP level 9. HP: 69/69 MP: 9/9
  7802 | D:8      | Reached skill level 6 in Fighting
  7826 | D:8      | Bought a glowing broad axe for 210 gold pieces
  7907 | D:8      | Found a stormy altar of Qazlal.
  8147 | D:8      | Got an ancient robe
  8178 | D:8      | Found a shimmering blue altar of Sif Muna.
  8253 | D:8      | Found Oriumi's Distillery.
  8330 | D:9      | Got a fine hunting sling
  8593 | D:9      | Reached skill level 7 in Fighting
  8598 | D:9      | Noticed a troll
  8602 | D:9      | Killed a troll
  8630 | D:9      | Gained mutation: You have razor-sharp toenails. [demonic
                  | ancestry]
  8630 | D:9      | Reached XP level 10. HP: 79/79 MP: 10/10
  9041 | D:9      | Found a sacrificial altar of Ru.
  9068 | D:9      | Found a staircase to the Lair.
  9156 | D:8      | Bought a potion of experience for 500 gold pieces
  9156 | D:8      | Bought a potion of heal wounds for 50 gold pieces
  9157 | D:8      | Reached skill level 12 in Fighting
  9157 | D:8      | Reached XP level 11. HP: 95/95 MP: 11/11
  9170 | D:8      | Identified the +1 robe of the Iron City of Dis {+Inv rC+
                  | MR-} (You found it on level 8 of the Dungeon)
  9185 | D:8      | Identified the +8 hunting sling of Gusmesa {venom, rPois}
                  | (You found it on level 9 of the Dungeon)
  9220 | D:10     | Entered Level 10 of the Dungeon
  9263 | D:10     | Found Kagoes's General Store.
  9270 | D:10     | Bought a scroll of remove curse for 36 gold pieces
  9360 | D:10     | Got a transparent hand axe
  9373 | D:10     | Found Onexze's General Store.
  9426 | D:10     | Found a shimmering altar of Xom.
  9429 | D:10     | Found a shimmering altar of Xom.
  9431 | D:10     | Found a shimmering altar of Xom.
  9431 | D:10     | Found a shimmering altar of Xom.
  9432 | D:10     | Found a shimmering altar of Xom.
  9432 | D:10     | Found a shimmering altar of Xom.
  9432 | D:10     | Found a shimmering altar of Xom.
  9432 | D:10     | Found a shimmering altar of Xom.
  9433 | D:10     | Found a shimmering altar of Xom.
  9809 | D:10     | Found Guitot's Distillery.
  9813 | D:10     | Bought a potion of berserk rage for 55 gold pieces
  9813 | D:10     | Bought a potion of might for 44 gold pieces
  9838 | D:10     | Reached skill level 1 in Slings
 10010 | D:10     | Found Nympuv's Gadget Shop.
 10203 | D:10     | Found Qeten's Armour Shop.
 10248 | D:10     | Noticed a glowing orange brain
 10248 | D:10     | a merfolk changed into a glowing orange brain
 10346 | D:10     | Noticed an anaconda
 10348 | D:10     | Noticed a deep troll
 10358 | D:11     | Killed an unseen horror
 10430 | D:11     | Paralysed by a hornet for 3 turns
 10493 | D:11     | Noticed a brown ugly thing
 10509 | D:11     | Killed a brown ugly thing
 10602 | D:11     | Found a hazy altar of Hepliaklqana.
 10804 | D:11     | Noticed a seven-headed hydra
 10804 | D:11     | Noticed a two-headed ogre
 10839 | D:11     | Found a staircase to the Orcish Mines.
 10861 | D:11     | Noticed a brown ugly thing
 11062 | D:11     | Identified the +1 hand axe "Morur" {vorpal, rC- rN++ Dex+9
                  | Stlth+} (You found it on level 10 of the Dungeon)
 11322 | D:12     | Noticed Josephine
 11323 | D:12     | Noticed an eight-headed hydra
 11731 | D:12     | Gained mutation: Your movements are significantly less
                  | encumbered by armour. (ER -6) [demonic ancestry]
 11731 | D:12     | Reached XP level 12. HP: 92/102 MP: 12/12
 11924 | D:12     | Noticed a boulder beetle
 11935 | D:12     | Killed a boulder beetle
 12131 | D:12     | Killed Josephine
 12188 | D:12     | Killed a ten-headed hydra
 12840 | D:13     | Noticed a catoblepas
 12857 | D:12     | Reached skill level 5 in Slings
 13122 | D:13     | Noticed Snorg
 13130 | D:13     | Killed a catoblepas
 13139 | D:13     | Killed Snorg
 13162 | D:13     | Found a gate to the Vaults.
 13215 | D:13     | Noticed a boulder beetle
 13328 | D:13     | Killed a boulder beetle
 13501 | D:13     | Noticed a two-headed ogre
 13510 | D:13     | Killed a two-headed ogre
 13530 | D:13     | Noticed Frances
 13549 | D:13     | Killed Frances
 13549 | D:13     | Reached XP level 13. HP: 16/108 MP: 13/13
 13918 | D:13     | Noticed Azrael
 14108 | D:13     | Killed Azrael
 14108 | D:13     | Reached skill level 10 in Dodging
 14686 | D:13     | Reached skill level 10 in Shields
 15702 | D:13     | Reached skill level 10 in Armour
 16189 | D:13     | Reached skill level 1 in Axes
 17410 | D:13     | HP: 5/108 [cyan ugly thing (16)]
 18405 | D:12     | Gained mutation: You are completely covered in sharp
                  | spines. [demonic ancestry]
 18405 | D:12     | Reached XP level 14. HP: 33/115 MP: 14/14
 18883 | D:14     | Paralysed by a floating eye for 4 turns
 19175 | D:15     | Entered Level 15 of the Dungeon
 19545 | D:15     | Found a staircase to the Depths.
 19549 | D:15     | Gained mutation: You are somewhat resistant to further
                  | mutation. [a shining eye]
 20017 | D:15     | HP: 4/115 [meliai/+0 war axe (6)]
 20019 | D:15     | Killed from afar by a meliai

Illustrated notes

Levels and vault maps discovered:
D:1:      minmay_arrival_arboretum_large, layout_loops_ring, minmay_hexomino_p4
D:2:      layout_loops_corners, yredelemnul_altar_generic, minmay_circle_x
D:3:      layout_loops_ring, biasface_ghost_orc_armoury,
          chequers_serial_rivers_small_a, glass_columns_c, minmay_hedge_maze
D:4:      layout_basic, kennysheep_mini_moat, overflow_temple_1_default,
          uniq_pikel
D:5:      cheibrodos_iron_armory, layout_basic, minmay_temple_entry_hall,
          uniq_ijyb
D:6:      layout_cave_pods
D:7:      layout_cave_pods, kennysheep_mini, cheibriados_altar_1, minmay_between
D:8:      layout_rooms, lemuel_doored_altar, nicolae_qazlal_style_of_elements,
          serial_shops, nicolae_shop_waterfront
D:9:      layout_loops_ring, nicolae_ru_the_path_less_chosen,
          grunt_lair_entry_orc_guard_hut, serial_bayou_ford_a,
          minmay_lizard_king
D:10:     layout_irregular_city, serial_shops, kennysheep_little_box,
          nicolae_shop_trees, shop, shop, shop, xom_shifter_show
D:11:     layout_rooms, orc_0_dummy, basic_altar, minivault_12
D:12:     layout_small_grid, uniq_josephine
D:13:     layout_cave_pools, erik_vaults_1, special_room [special_room_bee],
          uniq_frances, uniq_snorg, uniq_azrael
D:14:     layout_long_grid, serial_bayou_pond_b
D:15:     gammafunk_enter_depths_forms, layout_rooms, moated_statue
Temple:   jpeg_temple_clearing

Skill      XL: |  1  2  3  4  5  6  7  8  9 10 11 12 13 14 |
---------------+-------------------------------------------+-----
Fighting       | 1 2 3 4 5 7 12 | 12.0
Dodging        | 3 4 5 6 7 8 9 11 | 11.5
Shields        | 2 3 4 5 6 7 8 9 10 11 | 11.2
Armour         | 1 2 3 5 6 7 9 10 11 | 11.1
Slings         | 3 5 |  5.9
Axes           | 3 4 |  4.9
Short Blades   | |  1.7
Polearms       | |  1.7
Stealth        | |  1.0
Evocations     | |  1.0

Action                   |  1- 3 |  4- 6 |  7- 9 | 10-12 | 13-15 || total
-------------------------+-------+-------+-------+-------+-------++-------
Melee: Dagger            |    85 |   123 |       |       |       ||   208
       Kick              |       |    42 |    68 |    96 |   102 ||   308
       War axe           |       |    44 |   158 |       |       ||   202
       Broad axe         |       |       |    65 |   302 |   325 ||   692
       Flail             |       |       |       |     5 |       ||     5
       Scimitar          |       |       |       |       |     8 ||     8
 Fire: Hunting sling     |       |       |       |    29 |    53 ||    82
Throw: Dart              |       |       |    10 |    14 |     3 ||    27
       Javelin           |       |       |     5 |       |       ||     5
Invok: Call Merchant     |       |       |     1 |       |       ||     1
       Potion Petition   |       |       |       |     1 |     2 ||     3
Evoke: Wand              |       |     4 |     5 |     7 |    11 ||    27
  Use: Scroll            |     1 |    11 |    10 |     8 |     7 ||    37
       Potion            |       |       |       |     6 |     5 ||    11
 Stab: Sleeping          |     4 |     4 |       |     1 |       ||     9
       Distracted        |       |       |     1 |     3 |     3 ||     7
       Invisible         |       |       |       |     3 |     4 ||     7
Armor: Robe              |     5 |       |       |       |       ||     5
       Leather armour    |     9 |    14 |       |       |       ||    23
       Scale mail        |       |    22 |    74 |   113 |   119 ||   328
Dodge: Dodged            |    30 |    61 |   110 |   196 |   250 ||   647
Block: Kite shield       |    19 |    88 |   227 |   381 |   423 ||  1138
       Reflection        |       |       |    12 |    25 |     9 ||    46
       Rpst.: Scimitar   |       |       |       |       |     3 ||     3

Table legend: (Time is in decaauts)
 A = Elapsed time spent in this place.
 B = Non-inter-level travel time spent in this place.
 C = Inter-level travel time spent in this place.
 D = Time resting spent in this place.
 E = Time spent auto-exploring this place.
 F = Levels seen in this place.
 G = Mean time per level.
                   A        B        C        D        E       F      G
               +--------+--------+--------+--------+--------+-----+--------+
         Total |  20500 |  19902 |    598 |   7085 |   8335 |  16 | 1281.2 |
       Dungeon |  20397 |  19850 |    547 |   7085 |   8287 |  15 | 1359.8 |
        Temple |    103 |     52 |     51 |      0 |     48 |   1 |  103.0 |
               +--------+--------+--------+--------+--------+-----+--------+

Top non-repeatable levels by time:
    D:12: 4459 daAuts
    D:13: 2562 daAuts
     D:2: 1282 daAuts
     D:7: 1175 daAuts
     D:4: 1166 daAuts
    D:10: 1149 daAuts
     D:3: 1117 daAuts
    D:14: 1073 daAuts
     D:6: 1043 daAuts
     D:5: 1016 daAuts
    D:11: 981 daAuts
     D:1: 952 daAuts
     D:9: 881 daAuts
    D:15: 873 daAuts
     D:8: 660 daAuts
